AoeStats
← SuDD3R

MegaRandom

507457611Analyzed
4v4 RM · 15d ago on Sep 18, 2026· 43m 19s· 8 players
Game mode
Random Map
Map size
Large (8 player)
Population
200
Speed
Normal
Resources
Standard
Victory
Conquest
Starting age
Dark Age
Ending age
Imperial Age
RankedLock teamsTeams togetherTeam positionsShared explorationLock speedFull tech treeHidden civsTurbo modeCheats
Victory
Defeat
🇮🇹 Japanese · Italy
1203
+18
🇮🇳 Hindustanis · India
1175
+19
🇩🇪 Magyars · Germany
1165
+19
🇳🇱 Dravidians · Netherlands
1132
+20
🇪🇸 Gurjaras · Spain
1244
-19
🇹🇷 Turks · Türkiye
1234
-19
🇩🇪 Khitans · Germany
1233
-19
🇳🇿 Franks · New Zealand
1225
-19
rukas
11:01 Feudal Age
14:36 Castle Age
20:30 Double-Bit Axe
29:06 Fletching
29:34 Loom
29:35 Town Watch
33:53 Imperial Age
34:00 Scale Mail Armor
34:11 Forging
33:54 Pikeman
35:11 Halberdier
36:30 Iron Casting
36:10 Chain Mail Armor
35:41 Light Cavalry
36:22 Husbandry
36:40 Capped Ram
39:14 Cavalier
40:27 Scale Barding Armor
Nghtly
10:03 Loom
12:51 Feudal Age
20:43 Castle Age
19:49 Fishing Lines
19:56 Fishing Lines
20:24 Gold Mining
20:20 Double-Bit Axe
20:22 Horse Collar
21:51 Medium Warships
22:06 Stone Mining
26:57 Fletching
28:24 Bodkin Arrow
31:03 Padded Archer Armor
32:03 Leather Archer Armor
36:13 Gold Shaft Mining
40:08 Ballistics
40:00 Masonry
44:01 Wheelbarrow
43:11 Town Watch
BondTrustee
4:24 Loom
12:57 Feudal Age
13:48 Double-Bit Axe
21:26 Domestication
24:24 Castle Age
22:34 Scale Mail Armor
23:24 Forging
25:28 Chain Mail Armor
25:49 Fletching
27:05 Wheelbarrow
27:09 Iron Casting
36:39 Bodkin Arrow
39:16 Hand Cart
dardo
3:23 Loom
11:26 Feudal Age
15:46 Castle Age
16:14 Double-Bit Axe
18:01 Bow Saw
21:34 Bloodlines
23:10 Fletching
24:23 Wheelbarrow
23:29 Horse Collar
26:53 Thumb Ring
26:46 Bodkin Arrow
27:00 Heavy Plow
30:01 Padded Archer Armor
38:06 Imperial Age
36:38 Hand Cart
barbapapa
4:35 Loom
14:29 Feudal Age
15:55 Wheelbarrow
15:14 Gold Mining
15:55 Fletching
16:50 Town Watch
21:27 Castle Age
20:09 Stone Mining
20:36 Horse Collar
21:09 Double-Bit Axe
22:43 Medium Warships
29:20 Hand Cart
29:47 Bodkin Arrow
SuDD3R
3:39 Loom
11:39 Feudal Age
12:21 Double-Bit Axe
12:21 Horse Collar
16:00 Wheelbarrow
20:03 Castle Age
19:10 Bloodlines
20:19 Scale Barding Armor
20:56 Bow Saw
20:46 Heavy Plow
20:30 Light Cavalry
24:14 Chain Barding Armor
27:01 Husbandry
27:43 Town Watch
28:22 Stone Mining
30:17 Hand Cart
35:45 Imperial Age
36:16 Hussar
40:37 Two-Man Saw
40:58 Plate Barding Armor
42:52 Conscription
RiGhT
9:34 Loom
11:25 Feudal Age
15:48 Castle Age
14:20 Double-Bit Axe
15:10 Horse Collar
16:59 Heavy Plow
23:08 Grand Trunk Road
25:27 Bow Saw
26:38 Wheelbarrow
25:50 Town Watch
28:35 Scale Mail Armor
28:46 Forging
29:30 Hand Cart
30:10 Chain Mail Armor
30:01 Squires
29:47 Arson
31:05 Iron Casting
34:05 Imperial Age
32:07 Ballistics
31:43 Murder Holes
32:04 Masonry
35:35 Iron Casting
38:52 Blast Furnace
37:49 Fletching
39:16 Conscription
40:49 Bodkin Arrow
42:01 Scale Barding Armor
41:57 Bracer
41:23 Light Cavalry
42:14 Bloodlines
42:05 Husbandry
42:35 Caravan
43:12 Gold Mining
43:13 Stone Mining
lillithadam20
11:40 Feudal Age
15:30 Castle Age
13:24 Double-Bit Axe
15:24 Loom
17:17 Bow Saw
16:50 Horse Collar
20:35 Pikeman
24:36 Scale Mail Armor
29:52 Forging
31:10 Squires
31:28 Chain Mail Armor
32:53 Wheelbarrow
32:25 Gold Mining
37:42 Imperial Age
37:26 Iron Casting
38:00 Halberdier
39:15 Hand Cart
39:48 Plate Mail Armor
43:18 Blast Furnace
Connection lost

Rejoining the realm…

Still unreachable

The connection could not be restored.

Session expired

The server has moved on; the page needs a fresh start.